 Dungeon Crawl Stone Soup version 0.22-a0-157-g169b76a (webtiles) character file.

4690 KristoblXynda the Cleaver (level 10, -3/85 HPs)
             Began as a Deep Dwarf Gladiator on Feb 8, 2018.
             Was a Believer of Makhleb.
             Slain by a seven-headed hydra (11 damage)
             ... on level 9 of the Dungeon.
             The game lasted 00:14:10 (7248 turns).

KristoblXynda the Cleaver (Deep Dwarf Gladiator)    Turns: 7248, Time: 00:14:11

Health: -3/85      AC: 13    Str: 18    XL:     10   Next: 21%
Magic:  9/9        EV: 14    Int: 12    God:    Makhleb [**....]
Gold:   392        SH:  0    Dex: 14    Spells: 9/9 levels left

rFire    . . .     SeeInvis .   q - +8 broad axe of Mastery {venom, +Rage rElec}
rCold    + . .     Gourm    .   (no shield)
rNeg     . . .     Faith    .   s - +0 scale mail
rPois    .         Spirit   .   t - +2 hat
rElec    +         Reflect  .   (no cloak)
rCorr    .         Harm     .   (no gloves)
MR       +....                  y - +0 pair of boots
Stlth    ..........             (no amulet)
HPRegen  0.00/turn              a - +2 ring of protection
MPRegen  0.11/turn              o - ring of protection from cold

@: non-regenerating, hasted, very quick
A: damage resistance, heal wounds, sense surroundings 2, no regeneration
a: Heal Wounds, Minor Destruction, Renounce Religion, Evoke Berserk Rage


You were on level 9 of the Dungeon.
You worshipped Makhleb.
Makhleb was pleased with you.
You were full.

You visited 2 branches of the dungeon, and saw 10 of its levels.

You collected 392 gold pieces.

Inventory:

Hand Weapons
 q - the +8 broad axe of Mastery (weapon) {venom, +Rage rElec}
   (You found it on level 4 of the Dungeon)

   It poisons the flesh of those it strikes.
   It insulates you from electricity.
   It lets you go berserk.
Missiles
 d - 3 throwing nets (quivered)
Armour
 s - a +0 scale mail (worn)
 t - a +2 hat (worn)
 y - a +0 pair of boots (worn)
Jewellery
 a - a +2 ring of protection (left hand)
 h - an uncursed ring of wizardry
 o - a ring of protection from cold (right hand)
 w - an uncursed ring of flight
Wands
 c - a wand of disintegration (10)
 e - a wand of digging (1)
 p - a wand of scattershot (2)
Scrolls
 g - 4 scrolls of enchant weapon
 l - 8 scrolls of remove curse
 m - 5 scrolls of teleportation
 v - 3 scrolls of magic mapping
Potions
 b - a potion of magic {unknown}
 i - a potion of brilliance {unknown}
 k - 4 potions of agility
 r - a potion of haste
 u - 2 potions of might {unknown}
 x - 2 potions of resistance
 z - a potion of mutation {unknown}
Books
 B - a book of Frost

   Spells                             Type                      Level
   a - Freeze                         Ice                          1
   b - Throw Frost                    Conjuration/Ice              2
   c - Ozocubu's Armour               Charms/Ice                   3
   d - Throw Icicle                   Conjuration/Ice              4
   e - Summon Ice Beast               Ice/Summoning                4
Comestibles
 f - 4 rations


   Skills:
 + Level 3.7 Fighting
 * Level 11.8 Axes
 - Level 2.0 Throwing
 + Level 8.0 Armour
 - Level 8.0 Dodging


You had 9 spell levels left.
You didn't know any spells.

Dungeon Overview and Level Annotations

Branches:
Dungeon (9/15)             Temple (1/1) D:6
   Lair: D:8-11         Orc: D:9-12

Altars:
Ashenzari
Cheibriados
Dithmenos
Elyvilon
Fedhas
Gozag
Hepliaklqana
Kikubaaqudgha
Makhleb
Nemelex Xobeh
Okawaru
Qazlal
Ru
Sif Muna
Trog
Uskayaw
Vehumet
Wu Jian
Xom
Yredelemnul
Zin
The Shining One

Annotations:
D:9 Erolcha


Innate Abilities, Weirdness & Mutations

You are resistant to damage.
You can heal yourself by infusing magical energy.
You passively map the area around you.
You do not regenerate.


Message History

Aim: an orc, wielding a whip and wearing a plate armour The burst of metal fragments hits the seven-headed hydra. x4
The seven-headed hydra is severely wounded.
The seven-headed hydra bites you! x2
* * * LOW HITPOINT WARNING * * *
The seven-headed hydra completely misses you.
The seven-headed hydra bites you.
* * * LOW HITPOINT WARNING * * *
The seven-headed hydra bites you but does no damage.
The seven-headed hydra bites you!
* * * LOW HITPOINT WARNING * * *
The seven-headed hydra misses you.
You see here a quokka corpse.
Okay, then.
Okay, then.
You feel yourself speed up. The seven-headed hydra misses you.
The seven-headed hydra bites you.
* * * LOW HITPOINT WARNING * * *
The seven-headed hydra bites you!
You die...

#....).#
#......#
#..o(..#
###(##.# * *
####(##.####*,,
, #...(.......
, #.##o#.#####
* ,, # #D#.# *
#@# # , * #.# *
* #.# * , *
#.#,* , * #.#
##### * *
,,#.#, *##... ,
* #.#, ,...#**
*, #.#* #..# *
#.######..# *,


You could see a seven-headed hydra, an orc warrior and an orc.

Vanquished Creatures
  A two-headed ogre (D:8)
  A cyclops (D:7)
  The ghost of KristoblXynda the Chopper, an amateur MiGl (D:4)
  A shadow (D:8)
  Sigmund (D:4)
  Eustachio (D:6)
  A hungry ghost (D:8)
  Menkaure (D:5)
  An ice beast (D:8)
  A sky beast (D:5)
  2 ogres
  4 phantoms
  2 centaurs
  A big kobold (D:7)
  4 bullfrogs
  Blork the orc (D:5)
  3 scorpions
  6 killer bees (D:7)
  2 crimson imps
  2 hounds (D:8)
  A gnoll shaman (D:9)
  2 jellies
  2 orc priests
  2 iguanas
  8 orc wizards
  Natasha (thrice) (D:3)
  4 worker ants
  A worker ant zombie (D:8)
  2 howler monkey skeletons
  20 gnolls
  7 adders
  3 oozes (D:2)
  2 adder skeletons
  3 worms
  A dart slug (D:2)
  3 leopard geckos
  23 orcs
  5 giant cockroaches
  5 goblins
  5 hobgoblins
  6 jackals
  10 kobolds
  6 quokkas
  3 bats
  9 frilled lizards
  A quokka zombie (D:7)
  3 rats (D:2)
177 creatures vanquished.

Notes
Turn   | Place    | Note
-------+----------+-------------------------------------------
     0 | D:1      | KristoblXynda the Deep Dwarf Gladiator began the quest for the Orb.
     0 | D:1      | Reached XP level 1. HP: 19/19 MP: 1/1
   583 | D:1      | Reached XP level 2. HP: 19/26 MP: 2/2
   828 | D:2      | Reached skill level 4 in Axes
   828 | D:2      | Reached skill level 1 in Armour
   828 | D:2      | Reached XP level 3. HP: 5/32 MP: 3/3
   924 | D:2      | Reached XP level 4. HP: 39/39 MP: 4/4
  1696 | D:3      | Noticed Natasha
  1714 | D:3      | Killed Natasha
  1714 | D:3      | Reached skill level 5 in Axes
  1714 | D:3      | Reached XP level 5. HP: 15/45 MP: 5/5
  1834 | D:3      | Noticed Natasha
  1848 | D:3      | HP: 1/67 [Natasha/magic dart (3)]
  1853 | D:3      | Killed Natasha
  1880 | D:3      | Noticed Natasha
  1890 | D:3      | HP: 2/45 [shadow imp/nerve-wracking pain[Natasha] (11)]
  1900 | D:3      | Killed Natasha
  2242 | D:3      | Reached XP level 6. HP: 19/52 MP: 5/5
  2494 | D:4      | Noticed KristoblXynda's ghost (amateur MiGl)
  2534 | D:4      | Killed KristoblXynda's ghost
  2534 | D:4      | Reached skill level 6 in Axes
  2534 | D:4      | Reached skill level 5 in Dodging
  2537 | D:4      | Reached XP level 7. HP: 24/58 MP: 6/6
  2582 | D:4      | Noticed Sigmund
  2606 | D:4      | Got a crude broad axe
  2607 | D:4      | Identified the +8 broad axe of Mastery {venom, +Rage rElec} (You found it on level 4 of the Dungeon)
  2693 | D:4      | Found a bloodstained altar of Trog.
  2896 | D:4      | Killed Sigmund
  2896 | D:4      | Reached skill level 7 in Axes
  3412 | D:5      | Entered Level 5 of the Dungeon
  3540 | D:5      | Got a bronze leather armour
  3551 | D:5      | Identified the +0 leather armour of the Princeling {Int+3} (You found it on level 5 of the Dungeon)
  3598 | D:5      | Reached XP level 8. HP: 24/66 MP: 7/7
  3612 | D:5      | Reached skill level 8 in Axes
  3783 | D:5      | Reached skill level 5 in Armour
  3856 | D:5      | Noticed Blork the orc
  3861 | D:5      | Killed Blork the orc
  3955 | D:5      | Noticed Menkaure
  3960 | D:5      | Killed Menkaure
  4201 | D:6      | Found a hazy altar of Hepliaklqana.
  4201 | D:6      | Found a deep blue altar of Sif Muna.
  4201 | D:6      | Found a bloodstained altar of Trog.
  4201 | D:6      | Found a deep blue altar of Sif Muna.
  4201 | D:6      | Found an iron altar of Okawaru.
  4201 | D:6      | Found a shadowy altar of Dithmenos.
  4202 | D:6      | Found a stormy altar of Qazlal.
  4202 | D:6      | Found a hazy altar of Hepliaklqana.
  4202 | D:6      | Found a shimmering altar of Xom.
  4202 | D:6      | Found an opulent altar of Gozag.
  4202 | D:6      | Found an iron altar of Okawaru.
  4202 | D:6      | Found a white marble altar of Elyvilon.
  4233 | D:6      | Found an opulent altar of Gozag.
  4399 | D:6      | Reached skill level 9 in Axes
  4579 | D:6      | Noticed Eustachio
  4593 | D:6      | Killed Eustachio
  4600 | D:6      | Found a staircase to the Ecumenical Temple.
  4605 | Temple   | Entered the Ecumenical Temple
  4713 | Temple   | Became a worshipper of Makhleb the Destroyer
  5610 | D:7      | Gained mutation: You passively map the area around you. [Deep Dwarf growth]
  5610 | D:7      | Reached XP level 9. HP: 23/73 MP: 8/8
  5803 | D:7      | Reached skill level 10 in Axes
  5983 | D:7      | Reached * piety under Makhleb
  6047 | D:7      | Noticed a cyclops
  6054 | D:7      | Killed a cyclops
  6345 | D:8      | Found a basalt altar of Yredelemnul.
  6355 | D:8      | Found a glowing golden altar of the Shining One.
  6378 | D:8      | Found a blossoming altar of Fedhas.
  6614 | D:8      | Reached skill level 11 in Axes
  6628 | D:8      | Noticed a two-headed ogre
  6648 | D:8      | Killed a two-headed ogre
  6648 | D:8      | Reached XP level 10. HP: 42/84 MP: 9/9
  7086 | D:9      | Noticed Erolcha
  7223 | D:9      | Noticed a seven-headed hydra
  7224 | D:9      | Reached ** piety under Makhleb
  7248 | D:9      | Slain by a seven-headed hydra

Vault maps used:
D:1:      dpeg_arrival_water_fire, minmay_heptomino_o4
D:2:      serial_forest, infiniplex_forest_straight_2,
          infiniplex_forest_straight_1, infiniplex_forest_clump_C,
          infiniplex_forest_lined_room_3, infiniplex_forest_pool,
          glass_columns_a
D:3:      uniq_natasha
D:4:      first_ration, eino_small_chamber_without_monster,
          small_statue_intersection, bloody_trog, uniq_sigmund
D:5:      uniq_blork_the_orc, uniq_menkaure
D:6:      minmay_flawed_box, grunt_gozag_statues, temple_doors_ab,
          uniq_eustachio
D:8:      nicolae_overflow_hidden_temple
D:9:      nicolae_whirlpool, uniq_erolcha
Temple:   regret_index_temple_mists

Skill      XL: |  1  2  3  4  5  6  7  8  9 10 |
---------------+-------------------------------+-----
Throwing       | 2 |  2.0
Axes           | 4 5 6 7 9 11 | 11.8
Armour         | 1 2 3 4 6 7 8 |  8.0
Dodging        | 4 5 6 7 8 |  8.0
Fighting       | 3 |  3.7

Action                   |  1- 3 |  4- 6 |  7- 9 | 10-12 || total
-------------------------+-------+-------+-------+-------++-------
Melee: War axe           |    78 |   169 |     9 |       ||   256
       Broad axe         |       |       |   216 |    42 ||   258
 Abil: Heal Wounds       |     1 |     4 |     1 |       ||     6
       Evoke Berserk Rag |       |       |     1 |       ||     1
Evoke: Wand              |       |     5 |     4 |     3 ||    12
  Use: Scroll            |     2 |     4 |     7 |       ||    13
       Potion            |     1 |     6 |     9 |     2 ||    18
 Stab: Sleeping          |       |     2 |       |       ||     2
  Eat: Chunk             |       |     3 |     2 |       ||     5
       Ration            |       |     1 |     5 |     1 ||     7
Armor: Leather armour    |    21 |    37 |     1 |       ||    59
       Skin              |       |     6 |       |       ||     6
       Scale mail        |       |       |    68 |    14 ||    82
Dodge: Dodged            |    47 |   131 |   147 |    23 ||   348

Table legend:
 A = Spawn XP
 B = Non-spawn XP
 C = Spawn XP percentage of total XP
 D = Spawn monster count
 E = Non-spawn monster count
 F = Spawn count percentage of total count
 G = Total turns spent on level
                    A         B        C        D         E        F      G
               +---------+---------+-------+---------+---------+-------+---------
         Total |       0 |    6700 |   0.0 |       0 |     177 |   0.0 |  7248
               +---------+---------+-------+---------+---------+-------+---------
           D:1 |       0 |      12 |   0.0 |       0 |       8 |   0.0 |   681
           D:2 |       0 |     122 |   0.0 |       0 |      29 |   0.0 |   726
           D:3 |       0 |     248 |   0.0 |       0 |      22 |   0.0 |   979
           D:4 |       0 |     794 |   0.0 |       0 |      19 |   0.0 |  1026
           D:5 |       0 |     752 |   0.0 |       0 |      25 |   0.0 |   745
           D:6 |       0 |     674 |   0.0 |       0 |      20 |   0.0 |  1194
           D:7 |       0 |    1458 |   0.0 |       0 |      25 |   0.0 |   778
           D:8 |       0 |    2427 |   0.0 |       0 |      21 |   0.0 |   766
           D:9 |       0 |     213 |   0.0 |       0 |       8 |   0.0 |   163
               +---------+---------+-------+---------+---------+-------+---------
